 Dungeon Crawl Stone Soup version 0.29-a0-416-g83a48905f1 (webtiles) character file.

Game seed: 1447330268683400982

722 bande the Covered (level 7, -6/44 HPs)
             Began as a Gargoyle Fighter on May 16, 2022.
             Mangled by an ogre
             ... wielding a +0 giant club
              (20 damage)
             ... on level 5 of the Dungeon.
             The game lasted 00:07:26 (5786 turns).

bande the Covered (Gargoyle Fighter)                Turns: 5786, Time: 00:07:26

Health: -6/44      AC: 17    Str: 19    XL:     7   Next: 71%
Magic:  7/7        EV:  7    Int:  9    God:
Gold:   113        SH:  5    Dex: 11    Spells: 6/6 levels left

rFire   . . .      SeeInvis .   a - +0 war axe
rCold   . . .      Faith    .   c - +0 buckler
rNeg    + . .      Spirit   .   y - +0 chain mail
rPois   ∞          Reflect  .   l - +0 helmet
rElec   +          Harm     .   s - +0 cloak
rCorr   .          Rampage  .   (no gloves)
Will    .....                   (no boots)
Stlth   ..........              (no amulet)
HPRegen 0.14/turn               (no ring)
MPRegen 0.10/turn               (no ring)

@: no status effects
A: sickness immunity, AC +4, negative energy resistance 1, electricity
resistance, torment resistance 1, petrification resistance
a: no special abilities


You were on level 5 of the Dungeon.
You visited 1 branch of the dungeon, and saw 5 of its levels.
You also visited: Sewer.

You collected 124 gold pieces.
You spent 11 gold pieces at shops.

Inventory:

Hand Weapons
 a - a +0 war axe (weapon)
 r - a +0 flail
Armour
 c - a +0 buckler (worn)
 l - a +0 helmet (worn)
 s - a +0 cloak (worn)
 y - a +0 chain mail (worn)
Jewellery
 h - an amulet of magic regeneration
Wands
 A - a wand of iceblast (8)
Scrolls
 e - 6 scrolls of identify {unknown}
 f - a scroll of brand weapon {unknown}
 g - 5 scrolls of noise {unknown}
 i - 2 scrolls of teleportation {unknown}
 j - 3 scrolls of silence {unknown}
 k - 2 scrolls of enchant weapon {unknown}
 n - a scroll of summoning {unknown}
 o - a scroll of magic mapping {unknown}
 v - a scroll of fear {unknown}
 w - a scroll of acquirement {unknown}
Potions
 b - a potion of ambrosia {unknown}
 d - 2 potions of might
 m - 2 potions of heal wounds
 p - a potion of mutation {unknown}
 q - a potion of invisibility {unknown}
 t - a potion of lignification {unknown}
 u - a potion of haste {unknown}
 x - a potion of magic {unknown}
 z - a potion of curing


   Skills:
 + Level 4.9 Fighting
 + Level 5.4 Axes
 + Level 5.4 Armour
 + Level 4.4 Shields


You had 6 spell levels left.
You didn't know any spells.
Your spell library was empty.

Dungeon Overview and Level Annotations

Branches:
Dungeon (5/15)              Sewer (visited)
 Temple: D:4-7

Altars:
Elyvilon

Shops:
D:2 [(!?


Innate Abilities, Weirdness & Mutations

You are immune to sickness and miasma.
Your stone body is resilient. (AC +4)
You are immune to poison.
You resist negative energy. (rN+)
You are resistant to electric shocks. (rElec)
You are resistant to unholy torment.
You are immune to petrification.


Message History

No target in view!
No target in view!
No target in view!
You open the door.
Found an escape hatch in the floor.
There is an open door here.
A - a wand of iceblast (8) No target in view!
No target in view!
No target in view!
No target in view!
There is an escape hatch in the floor here.
You now have 113 gold pieces (gained 1).
Found an escape hatch in the ceiling.
An ogre comes into view. It is wielding a +0 giant club.
The ogre shouts!
The ogre barely misses you.
You barely miss the ogre. The ogre closely misses you.
You barely miss the ogre. The ogre barely misses you.
You barely miss the ogre. The ogre hits you with a +0 giant club!
You hit the ogre but do no damage. The ogre barely misses you.
You hit the ogre but do no damage. You slash the ogre!
The ogre is moderately wounded.
The ogre barely misses you.
You barely miss the ogre.
The ogre is moderately wounded.
The ogre hits you with a +0 giant club!
* * * LOW HITPOINT WARNING * * *
You are too injured to fight recklessly!
You are too injured to fight recklessly!
You are too injured to fight recklessly!
You are too injured to fight recklessly!
You hit the ogre.
The ogre is heavily wounded.
The ogre closely misses you.
You closely miss the ogre.
The ogre is heavily wounded.
The ogre hits you with a +0 giant club!!
You die...

### ......#
.......##.## ....
...... #...
..##O# #..#
#.##@# #. #..#
#.##.# +..##+#.<#
#.##.#
#........###.##.#
#....PP.........#
...####.####.####
#.# #.# #.## #.#
#..###.#


You could see an ogre.

Vanquished Creatures
  A phantom (D:4)
  2 kobold brigands (Sewer)
  A scorpion (D:4)
  2 vampire bats (D:3)
  A hound (D:4)
  2 orc wizards (D:3)
  4 gnolls (D:4)
  6 adders
  3 river rats
  An ufetubus (D:5)
  4 worms
  5 dart slugs
  12 orcs
  14 bats
  17 endoplasms
  5 giant cockroaches
  10 goblins
  9 hobgoblins
  5 quokkas
  17 ball pythons
  2 frilled lizards (D:1)
  7 kobolds
  7 rats
137 creatures vanquished.

Notes
Turn   | Place    | Note
-------+----------+-------------------------------------------
     0 | D:1      | bande the Gargoyle Fighter began the quest for the Orb.
     0 | D:1      | Reached XP level 1. HP: 14/14 MP: 1/1
    93 | D:1      | Reached XP level 2. HP: 19/19 MP: 2/2
   592 | D:1      | Reached XP level 3. HP: 23/23 MP: 3/3
  1165 | D:1      | Found a faded altar of an unknown god.
  1317 | D:2      | Found Sawuhuy's Distillery.
  1321 | D:2      | Bought a potion of degeneration for 11 gold pieces
  1337 | D:2      | Found Kiega's Magic Scroll Shop.
  1463 | D:2      | Found Fowane's Antique Weapon Shop.
  1469 | D:2      | Found Reyricuel's Armour Shop.
  1922 | D:2      | Found a white marble altar of Elyvilon.
  2145 | D:3      | Reached XP level 4. HP: 29/29 MP: 4/4
  2213 | D:3      | Reached XP level 5. HP: 25/33 MP: 5/5
  2599 | D:3      | Found a glowing drain.
  2614 | Sewer    | Entered a sewer
  3052 | Sewer    | Noticed a kobold brigand
  3074 | Sewer    | Killed a kobold brigand
  3075 | Sewer    | Reached XP level 6. HP: 22/38 MP: 6/6
  4218 | D:3      | Reached skill level 5 in Armour
  4239 | D:3      | Reached XP level 7. HP: 39/44 MP: 7/7
  4603 | D:4      | Reached skill level 5 in Axes
  5666 | D:5      | Entered Level 5 of the Dungeon
  5786 | D:5      | Mangled by an ogre

Illustrated notes

Levels and vault maps discovered:
D:1:      kennysheep_arrival_forest, layout_loops_ring,
          shapermc_ecumenical_altar_petra, minmay_pentomino_u4
D:2:      layout_basic, basic_altar, serial_shops, nicolae_shop_hallway_stairs,
          nicolae_shop_crystal, shop_scrolls, nicolae_shop_stone,
          minmay_misc_feat_iff
D:3:      layout_basic, portal_sewer_entry_e, roderic_batcave
D:4:      layout_cave_pools, kennysheep_generic_room_16
D:5:      corexii_shack_village, layout_loops_corners, temple_statues,
          serial_shops, nicolae_shop_window_shopping, uniq_sigmund

Skill      XL: |  1  2  3  4  5  6  7 |
---------------+----------------------+-----
Axes           | 2 3 4 5 |  5.4
Armour         | 4 5 |  5.4
Fighting       | 4 |  4.9
Shields        | 4 |  4.4

Action                   |  1- 3 |  4- 6 |  7- 9 || total
-------------------------+-------+-------+-------++-------
Melee: War axe           |   120 |   267 |   109 ||   496
  Use: Potion            |       |     3 |       ||     3
Armor: Scale mail        |    75 |   171 |    51 ||   297
       Chain mail        |       |       |    11 ||    11
Dodge: Dodged            |    55 |   114 |    51 ||   220
Block: Buckler           |    26 |    55 |    28 ||   109

Table legend: (Time is in decaauts)
 A = Elapsed time spent in this place.
 B = Non-inter-level travel time spent in this place.
 C = Inter-level travel time spent in this place.
 D = Time resting spent in this place.
 E = Time spent auto-exploring this place.
 F = Levels seen in this place.
 G = Mean time per level.
                   A        B        C        D        E       F      G
               +--------+--------+--------+--------+--------+-----+--------+
         Total |   6109 |   6109 |      0 |    740 |   4048 |   6 | 1018.2 |
       Dungeon |   4566 |   4566 |      0 |    443 |   3119 |   5 |  913.2 |
         Sewer |   1542 |   1542 |      0 |    297 |    929 |   1 | 1542.0 |
               +--------+--------+--------+--------+--------+-----+--------+

Top non-repeatable levels by time:
   Sewer: 1542 daAuts
     D:1: 1355 daAuts
     D:3: 1206 daAuts
     D:4: 1105 daAuts
     D:2: 774 daAuts
     D:5: 124 daAuts
